[Event "Marienbad A2-GM 2024"]
[Site "Marianske Lazne"]
[Date "2024.01.13"]
[Round "1.6"]
[White "Agdelen, Huseyin Can"]
[Black "Morris, James"]
[Result "1/2-1/2"]
[ECO "B44"]
[WhiteElo "2409"]
[BlackElo "2416"]
[Annotator "ChessBase"]
[PlyCount "68"]
[EventDate "2024.01.10"]
[EventType "tourn"]
[EventCountry "CZE"]
[SourceTitle "playchess.com"]
[Source "ChessBase"]
[SourceQuality "1"]
[TimeControl "40/5400+30:1800+30"]

1. e4 c5 2. Nf3 e6 3. d4 cxd4 4. Nxd4 Nc6 5. a3 Nf6 6. Nc3 d6 7. Be3 Bd7 8. f4 Nxd4 9. Qxd4 Bc6 10. O-O-O Qa5 11. Be2 Be7 12. g4 O-O 13. g5 Nd7 14. Kb1 b5 15. Bd2 Qc7 16. Nxb5 Qb8 17. Bc3 e5 18. fxe5 dxe5 19. Qc4 Nb6 20. Qxc6 Rc8 21. Nc7 Rxc7 22. Qb5 Rxc3 23. bxc3 Na4 24. Qxb8+ Rxb8+ 25. Ka1 Nxc3 26. Bc4 Bxa3 27. Bb3 Nxd1 28. Rxd1 Bc5 29. Rd7 Rf8 30. Ka2 Be3 31. Bd5 Bxg5 32. Rxa7 Be3 33. Rc7 Bb6 34. Re7 Bc5 1/2-1/2

[Event "Marienbad A2-GM 2024"]
[Site "Marianske Lazne"]
[Date "2024.01.13"]
[Round "1.8"]
[White "Lalic, Bogdan"]
[Black "Besou, Hussain"]
[Result "1/2-1/2"]
[ECO "E15"]
[WhiteElo "2349"]
[BlackElo "2277"]
[Annotator "ChessBase"]
[PlyCount "76"]
[EventDate "2024.01.10"]
[EventType "tourn"]
[EventCountry "CZE"]
[SourceTitle "playchess.com"]
[Source "ChessBase"]
[SourceQuality "1"]
[TimeControl "40/5400+30:1800+30"]

1. d4 Nf6 2. c4 e6 3. Nf3 b6 4. g3 Ba6 5. b3 Bb4+ 6. Bd2 Be7 7. Nc3 d5 8. cxd5 exd5 9. Bg2 O-O 10. O-O Bb7 11. Rc1 Re8 12. Ne5 Nbd7 13. Nd3 Nf8 14. Bg5 Ne6 15. Bxf6 Bxf6 16. e3 Qd6 17. b4 c6 18. Qb3 b5 19. a4 a6 20. Ra1 h5 21. Ra2 h4 22. Nb1 Rad8 23. Qd1 Bc8 24. Nd2 hxg3 25. hxg3 Ng5 26. Re1 g6 27. Nc5 Re7 28. axb5 axb5 29. Qa1 Kg7 30. Nf3 Nxf3+ 31. Bxf3 Rde8 32. Bg2 Bf5 33. Qc3 Bg5 34. Ra3 Qf6 35. Ra6 Bc8 36. Rb6 Qd6 37. Nd3 Bb7 38. Nc5 Bc8 1/2-1/2

[Event "Marienbad A2-GM 2024"]
[Site "Marianske Lazne"]
[Date "2024.01.13"]
[Round "1.9"]
[White "Raczek, Krzysztof"]
[Black "Can, Isik"]
[Result "1/2-1/2"]
[ECO "A09"]
[WhiteElo "2347"]
[BlackElo "2500"]
[Annotator "RC"]
[PlyCount "73"]
[EventDate "2024.01.10"]
[EventType "tourn"]
[EventCountry "CZE"]
[SourceTitle "playchess.com"]
[Source "ChessBase"]
[SourceQuality "1"]
[TimeControl "40/5400+30:1800+30"]

1. Nf3 d5 2. c4 d4 3. e3 c5 4. b4 dxe3 5. fxe3 cxb4 6. a3 e6 7. d4 Nf6 8. Bd3 Nc6 9. O-O Be7 10. Nbd2 O-O 11. axb4 Nxb4 12. Bb1 b6 13. Bb2 a5 14. e4 Ba6 15. e5 Nh5 16. Qe2 Rc8 17. Qe3 g6 18. Ne4 Bxc4 19. Qh6 f5 20. exf6 Bxf6 21. Re1 Bg7 22. Qd2 Nf4 23. Ba3 Qd7 24. Kh1 h6 25. Bxb4 axb4 26. Qxb4 Rc6 27. Bc2 Nd3 28. Bxd3 Bxd3 29. Ne5 Bxe5 30. dxe5 Bxe4 31. Qxe4 Kg7 32. Red1 Qc7 33. Ra7 Qxa7 34. Qxc6 Qa6 35. Rg1 Qe2 36. Qxe6 b5 37. Qd6 1/2-1/2

[Event "Marienbad A2-GM 2024"]
[Site "Marianske Lazne"]
[Date "2024.01.13"]
[Round "1.10"]
[White "Nguyen, Alex Dac-Vuong"]
[Black "Braeuer, Franz"]
[Result "1/2-1/2"]
[ECO "C11"]
[WhiteElo "2347"]
[BlackElo "2428"]
[Annotator "ChessBase"]
[PlyCount "87"]
[EventDate "2024.01.10"]
[EventType "tourn"]
[EventCountry "CZE"]
[SourceTitle "playchess.com"]
[Source "ChessBase"]
[SourceQuality "1"]
[TimeControl "40/5400+30:1800+30"]

1. e4 e6 2. d4 d5 3. Nc3 Nf6 4. e5 Nfd7 5. f4 c5 6. Nf3 Nc6 7. Be3 a6 8. Ne2 Be7 9. c3 b5 10. Rc1 Nb6 11. b3 c4 12. b4 a5 13. a3 Kd7 14. h4 h5 15. Ng5 Qg8 16. f5 exf5 17. Nf4 Kc7 18. Qf3 Be6 19. Nxh5 axb4 20. axb4 Ra2 21. Be2 Na4 22. Bd2 Kb7 23. Rh3 g6 24. Nf4 Nb6 25. Qg3 Bxg5 26. Qxg5 Ra8 27. Bf3 Qe8 28. h5 gxh5 29. Nxh5 Qg8 30. Ng7 Rxh3 31. gxh3 Qh7 32. Nh5 Rg8 33. Nf6 Qxh3 34. Qxg8 Qxf3 35. Qg1 Na4 36. Qf1 Qg3+ 37. Qf2 Qh3 38. Qe3 Qg2 39. Qe2 Qg1+ 40. Qf1 Qg3+ 41. Qf2 Qh3 42. Qe3 Qg2 43. Qg5 Qf3 44. Qe3 1/2-1/2

[Event "Marienbad A2-GM 2024"]
[Site "Marianske Lazne"]
[Date "2024.01.14"]
[Round "2.6"]
[White "Morris, James"]
[Black "Braeuer, Franz"]
[Result "1/2-1/2"]
[ECO "C77"]
[WhiteElo "2416"]
[BlackElo "2428"]
[Annotator "RC"]
[PlyCount "65"]
[EventDate "2024.01.10"]
[EventType "tourn"]
[EventCountry "CZE"]
[SourceTitle "playchess.com"]
[Source "ChessBase"]
[SourceQuality "1"]
[TimeControl "40/5400+30:1800+30"]

1. e4 e5 2. Nf3 Nc6 3. Bb5 a6 4. Ba4 Nf6 5. d3 d6 6. c4 g6 7. d4 exd4 8. Nxd4 Bd7 9. Nc3 Bg7 10. Nxc6 bxc6 11. O-O O-O 12. Bg5 h6 13. Bh4 c5 14. Bxd7 Qxd7 15. Rc1 Rae8 16. f3 Nh5 17. Bf2 Qc6 18. Qd5 Qb6 19. Qd2 Kh7 20. Nd5 Qxb2 21. Qxb2 Bxb2 22. Rb1 Rb8 23. Nxc7 Nf4 24. Kh1 Nd3 25. Bg3 Be5 26. Nxa6 Ra8 27. Rb6 Ra7 28. Bxe5 Nxe5 29. Rxd6 Nxc4 30. Rc6 Na5 31. Rb6 Nc4 32. Rc6 Na5 33. Rb6 1/2-1/2

[Event "Marienbad A2-GM 2024"]
[Site "Marianske Lazne"]
[Date "2024.01.14"]
[Round "2.7"]
[White "Can, Isik"]
[Black "Nguyen, Alex Dac-Vuong"]
[Result "1/2-1/2"]
[ECO "B19"]
[WhiteElo "2500"]
[BlackElo "2347"]
[Annotator "RC"]
[PlyCount "102"]
[EventDate "2024.01.10"]
[EventType "tourn"]
[EventCountry "CZE"]
[SourceTitle "playchess.com"]
[Source "ChessBase"]
[SourceQuality "1"]
[TimeControl "40/5400+30:1800+30"]

1. e4 c6 2. d4 d5 3. Nd2 dxe4 4. Nxe4 Bf5 5. Ng3 Bg6 6. h4 h6 7. Nf3 Nd7 8. h5 Bh7 9. Bd3 Bxd3 10. Qxd3 e6 11. Bd2 Ngf6 12. O-O-O Be7 13. Ne4 Nxe4 14. Qxe4 Nf6 15. Qe2 Qd5 16. c4 Qe4 17. Qxe4 Nxe4 18. Be3 f5 19. Rhe1 O-O 20. Kc2 Rad8 21. Re2 Rfe8 22. a4 c5 23. dxc5 Rxd1 24. Kxd1 Bxc5 25. Bxc5 Nxc5 26. a5 Ne4 27. Kc2 Rc8 28. Nd2 Nxd2 29. Kxd2 Rxc4 30. Rxe6 Rc5 31. a6 bxa6 32. Rxa6 f4 33. Rxa7 Rxh5 34. b4 Rg5 35. Kc3 Kf8 36. f3 Ke8 37. Ra2 Kd7 38. Kd4 Rb5 39. Ra7+ Kd6 40. Ra6+ Ke7 41. Kc4 Rg5 42. Ra2 Kd6 43. Rc2 Kc6 44. Kd4+ Kb5 45. Rb2 Rg3 46. Ke5 g5 47. Kf6 h5 48. Kf5 h4 49. Ke4 h3 50. gxh3 Rxh3 51. Rg2 Rg3 1/2-1/2

[Event "Marienbad A2-GM 2024"]
[Site "Marianske Lazne"]
[Date "2024.01.14"]
[Round "2.8"]
[White "Besou, Hussain"]
[Black "Raczek, Krzysztof"]
[Result "1/2-1/2"]
[ECO "D37"]
[WhiteElo "2277"]
[BlackElo "2347"]
[Annotator "ChessBase"]
[PlyCount "63"]
[EventDate "2024.01.10"]
[EventType "tourn"]
[EventCountry "CZE"]
[SourceTitle "playchess.com"]
[Source "ChessBase"]
[SourceQuality "1"]
[TimeControl "40/5400+30:1800+30"]

1. d4 Nf6 2. c4 e6 3. Nc3 d5 4. Nf3 a6 5. cxd5 exd5 6. Bg5 Be7 7. e3 c6 8. Bd3 O-O 9. Qc2 Nbd7 10. O-O Re8 11. Rab1 Nf8 12. b4 Ng6 13. Bxf6 Bxf6 14. Bf5 Bxf5 15. Qxf5 Ne7 16. Qc2 Nc8 17. a4 b5 18. axb5 axb5 19. Ne2 Ra6 20. Ra1 Rb6 21. Ra8 Qe7 22. Qc3 Nd6 23. Rfa1 Nc4 24. R1a7 Qf8 25. Rxe8 Qxe8 26. Nf4 Rb8 27. Nd3 h6 28. Nc5 Be7 29. h3 Bd6 30. Qc2 Ra8 31. Qa2 Rb8 32. Qc2 1/2-1/2

[Event "Marienbad A2-GM 2024"]
[Site "Marianske Lazne"]
[Date "2024.01.14"]
[Round "2.10"]
[White "Agdelen, Huseyin Can"]
[Black "Rasik, Vitezslav"]
[Result "1-0"]
[ECO "B08"]
[WhiteElo "2409"]
[BlackElo "2406"]
[Annotator "RC"]
[PlyCount "57"]
[EventDate "2024.01.10"]
[EventType "tourn"]
[EventCountry "CZE"]
[SourceTitle "playchess.com"]
[Source "ChessBase"]
[SourceQuality "1"]
[TimeControl "40/5400+30:1800+30"]

1. e4 d6 2. d4 g6 3. Nf3 Nf6 4. Nc3 Bg7 5. Be3 O-O 6. Qd2 a6 7. Bh6 b5 8. Bd3 Nc6 9. Bxg7 Kxg7 10. e5 dxe5 11. dxe5 Ng4 12. O-O-O Ncxe5 13. Nxe5 Nxe5 14. Qe2 Nxd3+ 15. Rxd3 Qe8 16. Nd5 Qc6 17. Rhd1 Bf5 18. Rc3 Qd6 19. Nxe7 Qf6 20. Nd5 Rfe8 21. Qd2 Qe5 22. Re3 Qxh2 23. Qd4+ Kh6 24. Ne7 Be6 25. Re4 Kh5 26. g3 g5 27. Qg7 h6 28. Qe5 Rxe7 29. g4+ 1-0

[Event "Marienbad A2-GM 2024"]
[Site "Marianske Lazne"]
[Date "2024.01.15"]
[Round "3.6"]
[White "Rasik, Vitezslav"]
[Black "Morris, James"]
[Result "1/2-1/2"]
[ECO "B30"]
[WhiteElo "2406"]
[BlackElo "2416"]
[Annotator "ChessBase"]
[PlyCount "30"]
[EventDate "2024.01.10"]
[EventType "tourn"]
[EventCountry "CZE"]
[SourceTitle "playchess.com"]
[Source "ChessBase"]
[SourceQuality "1"]
[TimeControl "40/5400+30:1800+30"]

1. e4 c5 2. Nf3 Nc6 3. Bb5 e6 4. O-O Nge7 5. b3 Nd4 6. Nxd4 cxd4 7. c3 a6 8. Bd3 Nc6 9. cxd4 d5 10. exd5 Qxd5 11. Bb2 Be7 12. Na3 O-O 13. Nc4 Qd8 14. Qb1 g6 15. d5 exd5 1/2-1/2

[Event "Marienbad A2-GM 2024"]
[Site "Marianske Lazne"]
[Date "2024.01.15"]
[Round "3.7"]
[White "Lalic, Bogdan"]
[Black "Agdelen, Huseyin Can"]
[Result "1/2-1/2"]
[ECO "D30"]
[WhiteElo "2349"]
[BlackElo "2409"]
[Annotator "ChessBase"]
[PlyCount "29"]
[EventDate "2024.01.10"]
[EventType "tourn"]
[EventCountry "CZE"]
[SourceTitle "playchess.com"]
[Source "ChessBase"]
[SourceQuality "1"]
[TimeControl "40/5400+30:1800+30"]

1. d4 d5 2. c4 e6 3. Nf3 Nf6 4. g3 Bb4+ 5. Bd2 Be7 6. Bg2 O-O 7. O-O c6 8. Qc2 b6 9. Bf4 Bb7 10. Rd1 Nbd7 11. Nc3 Nh5 12. Bc1 Nhf6 13. Bf4 Nh5 14. Bc1 Nhf6 15. Bf4 1/2-1/2

[Event "Marienbad A2-GM 2024"]
[Site "Marianske Lazne"]
[Date "2024.01.15"]
[Round "3.8"]
[White "Raczek, Krzysztof"]
[Black "Plat, Vojtech"]
[Result "0-1"]
[ECO "C41"]
[WhiteElo "2347"]
[BlackElo "2516"]
[Annotator "TA"]
[PlyCount "100"]
[EventDate "2024.01.10"]
[EventType "tourn"]
[EventCountry "CZE"]
[SourceTitle "playchess.com"]
[Source "ChessBase"]
[SourceQuality "1"]
[TimeControl "40/5400+30:1800+30"]

1. e4 e5 2. Nf3 d6 3. d4 exd4 4. Nxd4 Nf6 5. Nc3 Be7 6. Bf4 Nc6 7. Qd2 O-O 8. O-O-O Nxd4 9. Qxd4 Be6 10. f3 a6 $1 {[%emt 0:05:45][%mdl 4] is now more promising than 10...Nd7.} 11. g4 {[%emt 0:01:04][%cal Bg2g4,Bg4g5][%mdl 32] C41: Philidor Defence.} b5 12. h4 c5 13. Qe3 {[%emt 0:00:22][%cal Of4d6] [#] White is slightly better.} Re8 $146 ({Predecessor:} 13... b4 14. Na4 Qa5 15. b3 Bd7 16. Bxd6 Bxd6 17. Rxd6 Bxa4 18. bxa4 Rfd8 19. Rxd8+ Rxd8 {0-1 Xiong,J (2690)-Bortnyk,O (2604) Titled Tuesday intern op 20th Sep Late blitz 2022 (7)}) 14. g5 Nh5 15. Bh2 Bf8 16. Be2 g6 17. Nd5 Bg7 18. Kb1 (18. c3 $1 $14) 18... Bd4 $1 $11 19. Rxd4 cxd4 20. Qxd4 Bxd5 $1 21. Qxd5 Qb6 (21... Qd7 $5 ) 22. Bg1 {[%emt 0:22:45] Prevents Qf2.} (22. Qxd6 Qf2 23. Qd2 Qxh4 $11) (22. Bxd6 $2 Rad8 23. Rd1 Re6 $19) (22. Rf1 $14 {might be stronger.}) 22... Qc7 23. Be3 {[%emt 0:04:14] Repels Nf4} (23. Bh2 $11) 23... Rac8 (23... Ng3 $17 24. Rh2 Nxe2 25. Rxe2 Qc8) 24. Bd3 Qc6 25. Qd4 {[%emt 0:01:44] Prevents Qxd5} Qc5 26. c3 Qe5 27. Rd1 (27. a4 $11) 27... Qg3 $1 $15 28. a4 (28. Rf1 $15) 28... bxa4 (28... Qxf3 $17 29. Rf1 Qg4 30. axb5 axb5) 29. Bxa6 $11 Rb8 30. Bc4 (30. Be2 Nf4 31. Bxf4 Qxf4 $17) 30... a3 {[%emt 0:07:43] Some like it hot} (30... Qxf3 $5 31. Rf1 $8 Qxe4+ 32. Qxe4 Rxe4 33. Bxf7+ Kg7 34. Bd4+ Rxd4 35. cxd4 Ng3 $11) 31. b3 Qxf3 $40 {[%emt 0:00:09][%mdl 128] White needs to defend precisely.} 32. Rf1 $1 Qxe4+ 33. Qxe4 Rxe4 34. Bxf7+ {[%emt 0:00:15] This pair of bishops is nice.} Kg7 35. Bd4+ Rxd4 36. cxd4 {[%emt 0:00:04][%mdl 4096] Endgame KRB-KRN} Ng3 37. Rg1 {[%emt 0:02:32][%mdl 8192] [#]} (37. Rf3 $11) 37... Ne2 $19 38. Re1 Kxf7 ({Worse is} 38... Nxd4 39. Bd5 $15) 39. Rxe2 Rxb3+ {[%emt 0:00:08] KR-KR} 40. Ka1 Rd3 $2 (40... Rh3 $19 41. Re4 d5) 41. Re4 $2 (41. Rc2 $1 $11 {and White has nothing to worry.}) 41... d5 {[%emt 0:32:21][%mdl 64] [#] Deflection. Black is clearly winning.} 42. Re5 (42. Rg4 $142 Ke7 43. Rf4) 42... Rxd4 43. Ka2 Rxh4 44. Rxd5 Rh5 45. Rc5 Rh3 46. Re5 Rf3 47. Ra5 Ke6 48. Ra7 Kf5 49. Rf7+ Kg4 ({Inferior is} 49... Kxg5 50. Rxf3 h5 51. Kxa3 $11 (51. Rxa3 h4 $11)) 50. Rxh7 Kxg5 {[%emt 0:00:02] An entertaining game by Plat.   Weighted Error Value: White=0.60/Black=0.19 (very precise)} 0-1

[Event "Marienbad A2-GM 2024"]
[Site "Marianske Lazne"]
[Date "2024.01.15"]
[Round "3.9"]
[White "Nguyen, Alex Dac-Vuong"]
[Black "Besou, Hussain"]
[Result "1-0"]
[ECO "A13"]
[WhiteElo "2347"]
[BlackElo "2277"]
[Annotator "ChessBase"]
[PlyCount "85"]
[EventDate "2024.01.10"]
[EventType "tourn"]
[EventCountry "CZE"]
[SourceTitle "playchess.com"]
[Source "ChessBase"]
[SourceQuality "1"]
[TimeControl "40/5400+30:1800+30"]

1. c4 e6 2. g3 d5 3. Bg2 d4 4. Nf3 c5 5. e3 Nc6 6. O-O Nf6 7. d3 Bd6 8. Na3 O-O 9. exd4 cxd4 10. Re1 Re8 11. Nb5 Bb8 12. c5 h6 13. Nd2 a6 14. Qa4 Ne5 15. Qa3 Nxd3 16. Qxd3 axb5 17. Qxb5 Ra7 18. Nc4 Bc7 19. Ne5 Nd7 20. Nd3 b6 21. b4 bxc5 22. Nxc5 Nxc5 23. Qxc5 Bb6 24. Qc4 Rc7 25. Qb5 Rc2 26. Be4 Bd7 27. Qf1 Rc8 28. a4 Qf6 29. a5 Ba7 30. b5 d3 31. Rb1 Bd4 32. Bxd3 Bc3 33. a6 Bxe1 34. Qxe1 Qd4 35. Bf1 Rb8 36. Be3 Qe4 37. Rb4 Qe5 38. a7 Rb7 39. Qb1 Ra8 40. Bd4 Qd6 41. Bg2 Qc7 42. b6 Qc8 43. Rc4 1-0

[Event "Marienbad A2-GM 2024"]
[Site "Marianske Lazne"]
[Date "2024.01.15"]
[Round "3.10"]
[White "Braeuer, Franz"]
[Black "Can, Isik"]
[Result "1/2-1/2"]
[ECO "B53"]
[WhiteElo "2428"]
[BlackElo "2500"]
[Annotator "TA"]
[PlyCount "38"]
[EventDate "2024.01.10"]
[EventType "tourn"]
[EventCountry "CZE"]
[SourceTitle "playchess.com"]
[Source "ChessBase"]
[SourceQuality "1"]
[TimeControl "40/5400+30:1800+30"]

1. e4 c5 2. Nf3 d6 3. d4 cxd4 4. Qxd4 Nc6 5. Qe3 Nf6 6. Be2 {[%emt 0:00:29] B53: Sicilian: 2...d6: Lines with Qxd4.} g6 7. O-O Bg7 8. h3 {[%emt 0:00:12] The position is equal.} O-O 9. Rd1 Be6 {[%emt 0:16:33] 9...Qb6 is a critical line.} 10. Nc3 Rc8 {[%emt 0:11:15] [#]} 11. Bd2 $146 ({Predecessor:} 11. a3 Qa5 12. Bd2 h6 13. Nb5 Qb6 14. Qxb6 axb6 15. Bd3 Nd7 16. Bc3 Nc5 17. Bxg7 Kxg7 {½-½ Svidler,P (2714)-Vitiugov,N (2724) FIDE World Cup 2021 (4.1)}) 11... a6 12. Be1 Nd7 13. Rab1 (13. Nd5 $11 {feels stronger.}) 13... Nb4 (13... Qb6 $5 ) 14. Qd2 Bxc3 (14... Nxa2 15. Nd5 $14) (14... Bxa2 $2 15. Nxa2 Nxa2 16. Qd5 $16 (16. Ra1 Nc3 $14)) ({Black should try} 14... Bc4 $11) 15. bxc3 $14 Nxa2 (15... Nc6 $1 $14) 16. Qh6 $1 $16 {[%emt 0:12:06] Black must now prevent Ng5.} f6 {[%emt 0:01:14] [#] Prevents Ng5} (16... Nxc3 $2 17. Bxc3 Nf6 18. Ng5 Rxc3 19. e5 (19. Rxb7 Rc5 $11) 19... dxe5 20. Rxd8 (20. Rxb7 Bd5 $11) 20... Rxd8 21. Nxe6 fxe6 22. Rxb7 $18) 17. Nd4 $1 {[%emt 0:03:10][%mdl 1024] White has strong compensation.} Bf7 18. Bg4 ({Of course not} 18. Rxb7 $6 Nc5 19. Rb2 e5 $14) 18... Nc5 {[%emt 0:02:16][%cal Od8e8] [#]} 19. Nf5 {[%emt 0:06:34] White has more active pieces.} Ne6 {[%emt 0:00:03] Weighted Error Value: White=0.13 (very precise) /Black=0.18 (very precise)} (19... gxf5 $16 {keeps fighting.} 20. Bxf5 Bg6) 1/2-1/2

[Event "Marienbad A2-GM 2024"]
[Site "Marianske Lazne"]
[Date "2024.01.16"]
[Round "4.6"]
[White "Morris, James"]
[Black "Can, Isik"]
[Result "1-0"]
[ECO "B47"]
[WhiteElo "2416"]
[BlackElo "2500"]
[Annotator "TA"]
[PlyCount "109"]
[EventDate "2024.01.10"]
[EventType "tourn"]
[EventCountry "CZE"]
[SourceTitle "playchess.com"]
[Source "ChessBase"]
[SourceQuality "1"]
[TimeControl "40/5400+30:1800+30"]

1. e4 c5 2. Nf3 e6 3. d4 cxd4 4. Nxd4 Nc6 5. Nc3 Qc7 6. g3 a6 7. Bg2 d6 8. O-O Bd7 9. Re1 Be7 10. Nxc6 Bxc6 11. Ne2 Nf6 12. Nd4 {[%emt 0:00:04] B47: Sicilian: Taimanov: 5 Nc3 Qc7 6 f4, 6 g3 and 6 Be2.} Bd7 13. a4 O-O 14. a5 {[%emt 0:00:20] White is slightly better.} Rac8 {[%emt 0:06:25] [#]} 15. Be3 $146 ({Predecessor:} 15. c3 Rfe8 16. Be3 Bd8 17. Nc2 h6 18. Bb6 Qb8 19. Bxd8 Rexd8 20. Nb4 e5 21. h3 {0-1 Sonntag,H (2372)-Ducarmon,Q (2479) BL2-West 1415 2014 (1.5)}) 15... g6 16. c3 h5 17. h3 {[%emt 0:06:59] Against Ng4} e5 18. Nc2 Be6 19. Nb4 h4 20. g4 Nh7 21. Qd2 Qd8 22. f4 exf4 23. Bb6 Qd7 24. Qxf4 Bf6 25. Rad1 Be5 26. Qe3 (26. Qh6 {looks sharper.} Bb3 27. Rd2 Qe7 28. Nd5) 26... Qe7 27. Nd3 Bg3 28. Bd4 Qg5 {[%emt 0:05:57] Against Qh6} 29. Qxg5 Nxg5 30. Re3 Bb3 31. Ra1 Bc4 32. Bf6 (32. e5 $5 ) 32... Nh7 33. Bd4 Rfe8 34. Nb4 Ng5 35. Nd5 Bxd5 36. exd5 f5 37. gxf5 gxf5 38. Rf1 f4 39. Rxg3 hxg3 $2 (39... fxg3 $19 40. Bf6 Nf7 41. Bxh4 Re2) 40. h4 $11 f3 $1 41. hxg5 fxg2 {[%emt 0:11:38] [#]} (41... f2+ $11 42. Kh1 Re1) 42. Kxg2 {[%emt 0:00:00][%mdl 4096] Endgame KRR-KRB} (42. Rf6 $1 $18 ) 42... Rf8 $2 {[%emt 0:04:19][%mdl 8192] A mistake that costs the game.} (42... Re4 $16 {is more resistant.}) 43. Rh1 $18 {[%emt 0:00:00] Intending g6 and mate.} Kf7 44. Kxg3 {[%emt 0:00:00] Hoping for Kg4.} Rce8 45. Kg4 Re2 (45... Re4+ $142 46. Kf3 Re7) 46. Rh7+ {[%emt 0:00:00] White is clearly winning.} Ke8 47. Rxb7 Rg2+ 48. Kh5 Rf5 49. Bf6 Rxd5 50. Re7+ Kf8 51. Kg6 {[%emt 0:00:00] [#] Threatens to win with Re6.} Rb5 52. Rd7 Re2 53. b4 Re6 54. Ra7 Ke8 55. Rxa6 {[%emt 0:00:00] Weighted Error Value: White=0.13 (very precise) /Black=0.34} 1-0

[Event "Marienbad A2-GM 2024"]
[Site "Marianske Lazne"]
[Date "2024.01.16"]
[Round "4.7"]
[White "Besou, Hussain"]
[Black "Braeuer, Franz"]
[Result "1/2-1/2"]
[ECO "C12"]
[WhiteElo "2277"]
[BlackElo "2428"]
[Annotator "TA"]
[PlyCount "24"]
[EventDate "2024.01.10"]
[EventType "tourn"]
[EventCountry "CZE"]
[SourceTitle "playchess.com"]
[Source "ChessBase"]
[SourceQuality "1"]
[TimeControl "40/5400+30:1800+30"]

1. e4 e6 2. d4 d5 3. Nc3 Nf6 4. Bg5 Bb4 5. e5 h6 6. Bd2 Bxc3 7. bxc3 Ne4 8. Bc1 c5 $1 {[%emt 0:19:58] The main line 8...c5 scores better than 8...Nxc3. C12: French: Classical System: McCutcheon Variation.} 9. Ne2 cxd4 ({Resist} 9... Qh4 10. g3 Qe7 11. f3 $14) (9... Qa5 $11) 10. cxd4 $16 Qa5+ {[%emt 0:00:03] [#]} 11. c3 $1 {[%emt 0:01:01] [#]} b6 $146 (11... Nxc3 $2 12. Qd2 $18) ({Predecessor:} 11... Nc6 12. f3 Nxc3 13. Qd2 Nxe2 14. Qxa5 Nxa5 15. Bxe2 Nc4 16. Rb1 b6 17. Rb4 Ba6 {0-1 Beerdsen,T (2486)-Terry,R (2504) Titled Tuesday intern op1 3rd March   blitz 2020 (4)}) 12. Bb2 Ba6 {[%emt 0:02:38] White took control after the opening.   Weighted Error Value: White=0.00 (flawless) /Black=0.34} 1/2-1/2

[Event "Marienbad A2-GM 2024"]
[Site "Marianske Lazne"]
[Date "2024.01.16"]
[Round "4.8"]
[White "Plat, Vojtech"]
[Black "Nguyen, Alex Dac-Vuong"]
[Result "1/2-1/2"]
[ECO "C11"]
[WhiteElo "2516"]
[BlackElo "2347"]
[Annotator "TA"]
[PlyCount "71"]
[EventDate "2024.01.10"]
[EventType "tourn"]
[EventCountry "CZE"]
[SourceTitle "playchess.com"]
[Source "ChessBase"]
[SourceQuality "1"]
[TimeControl "40/5400+30:1800+30"]

1. e4 e6 2. d4 d5 3. Nc3 Nf6 4. Bg5 dxe4 5. Nxe4 Nbd7 6. Nf3 Be7 7. Nxf6+ Nxf6 8. Bd3 c5 9. dxc5 Qa5+ 10. c3 Qxc5 11. O-O {[%emt 0:00:20] C10: French with 3 Nc3: Unusual Black 3rd moves and 3...dxe4.} b6 12. Qe2 Bb7 13. Bb5+ $1 {[%emt 0:03:16] White is better.} Bc6 14. Bxc6+ Qxc6 15. Ne5 {[%emt 0:00:05] [#]} Qa4 $146 ({Predecessor:} 15... Qc5 16. Rad1 O-O 17. Bxf6 Bxf6 18. Nd7 Qc7 19. Nxf8 Rxf8 20. Rd3 Be5 {1-0 Todortsev,V (1924)-Rakonitz,D (1377) San Francisco TNM Peter Grey op 2010 (2)}) 16. b3 Qa5 17. b4 Qa4 18. Qf3 $1 O-O {[%emt 0:18:10] [#]} 19. Nc6 $1 {[%emt 0:00:05] White is much more active. The black rooks are badly placed.} Bd8 (19... Bd6 $2 20. Bxf6 gxf6 21. Rad1 $18) 20. Nxd8 {[%emt 0:02:08][%mdl 64] Remove Defender} Rfxd8 21. Bxf6 gxf6 22. Qxf6 Rd5 {[%emt 0:06:50] Wards off Qg5+} 23. Rfe1 Rad8 24. h4 {[%emt 0:00:59] aiming for Re4.} Qc2 {[%emt 0:06:36] Inhibits Re4.} 25. Re3 Qf5 {[%emt 0:02:29] [#]} 26. Qh6 $1 ({Resist} 26. Rg3+ Kf8 27. Qh6+ Ke7 $14) 26... Kh8 27. Rg3 {[%emt 0:05:54][%csl Gg3][%cal Rh6g7] Prevents Qg6.} Rg8 {[%emt 0:00:05] Repels Qg7+} 28. Re1 ({White should try} 28. Rxg8+ Kxg8 29. c4) 28... Rxg3 $16 29. fxg3 {[%emt 0:00:01][%cal Rh6f8][%mdl 4096] Endgame KQR-KQR} Kg8 {[%emt 0:00:27] Dodges Qf8+} 30. Kh2 ({White should play} 30. Rf1 $16 Qe5 31. Rf4) 30... Rd3 $1 $11 {[%emt 0:06:44] The position is equal.} 31. Re3 Rd1 $1 32. Qf4 Qxf4 33. gxf4 Ra1 34. Rg3+ Kf8 35. h5 h6 36. f5 {[%emt 0:01:15] Weighted Error Value: White=0.11 (very precise) /Black=0.06 (flawless)} 1/2-1/2

[Event "Marienbad A2-GM 2024"]
[Site "Marianske Lazne"]
[Date "2024.01.16"]
[Round "4.9"]
[White "Agdelen, Huseyin Can"]
[Black "Raczek, Krzysztof"]
[Result "1-0"]
[ECO "B10"]
[WhiteElo "2409"]
[BlackElo "2347"]
[Annotator "RC"]
[PlyCount "125"]
[EventDate "2024.01.10"]
[EventType "tourn"]
[EventCountry "CZE"]
[SourceTitle "playchess.com"]
[Source "ChessBase"]
[SourceQuality "1"]
[TimeControl "40/5400+30:1800+30"]

1. e4 c6 2. Nf3 d5 3. d3 dxe4 4. dxe4 Qxd1+ 5. Kxd1 Nf6 6. Nbd2 g6 7. Ne5 Bg7 8. Nd3 O-O 9. f3 Bh6 10. c3 Rd8 11. Kc2 Na6 12. Nc4 Bxc1 13. Rxc1 Be6 14. Na5 Rab8 15. Nf4 Nc7 16. Nxe6 Nxe6 17. Bc4 Nf8 18. Rcd1 N6d7 19. Rd2 Rdc8 20. Rhd1 Ne5 21. Be2 g5 22. Nc4 Nfg6 23. Ne3 Nf4 24. Bf1 Kf8 25. g3 Nfg6 26. Be2 Ke8 27. h4 f6 28. hxg5 fxg5 29. Rh1 Kf7 30. Rxh7+ Kf6 31. Rd1 Rh8 32. Rdh1 Rxh7 33. Rxh7 Rf8 34. Rh5 e6 35. Rh7 Rf7 36. Rxf7+ Nxf7 37. Ng4+ Ke7 38. Kd2 Nd6 39. Ke3 e5 40. Bf1 a5 41. b3 b5 42. a3 Nf7 43. c4 Nd6 44. cxb5 cxb5 45. Nh6 b4 46. axb4 axb4 47. Nf5+ Kd7 48. Kd3 Ne7 49. Nxd6 Kxd6 50. Kc4 Nc6 51. Bg2 Kd7 52. Bh3+ Kc7 53. Bg4 Kb6 54. Bh5 Ka5 55. Be8 Nd4 56. f4 gxf4 57. gxf4 Nf3 58. f5 Kb6 59. f6 Ng5 60. Kd5 Kc7 61. f7 Nh7 62. Kxe5 Kd8 63. Kd6 1-0